 Dungeon Crawl Stone Soup version 0.17.1-3-g152610e (webtiles) character file.

1709 MegaBob the Cleaver (level 9, -7/79 HPs)
             Began as a Hill Orc Fighter on Mar 4, 2016.
             Mangled by a komodo dragon (13 damage)
             ... on level 8 of the Dungeon.
             The game lasted 00:44:57 (5034 turns).

MegaBob the Cleaver (Hill Orc Fighter)              Turns: 5034, Time: 00:44:57

Health: -7/79      AC: 10    Str: 24    XL:     9   Next: 3%
Magic:  9/9        EV:  6    Int: 11    God:
Gold:   441        SH: 11    Dex: 13    Spells: 0 memorised, 8 levels left

rFire  . . .     SeeInvis .     a - +0 war axe
rCold  . . .     Clarity  .     L - +0 chain mail
rNeg   . . .     SustAt   .     c - +0 shield
rPois  .         Gourm    .     (no helmet)
rElec  .         Spirit   .     (no cloak)
rCorr  .         Warding  .     (no gloves)
rMut   .         Stasis   .     (no boots)
MR     +....                    s - amulet of regeneration
Stlth  ..........               U - +3 ring of intelligence
                                Q - ring of protection from magic

@: mighty, somewhat resistant to hostile enchantments, extremely unstealthy
A: no striking features
a: no special abilities


You were on level 8 of the Dungeon.
You were not hungry.

You visited 1 branch of the dungeon, and saw 8 of its levels.

You collected 441 gold pieces.

Inventory:

Hand Weapons
 a - a +0 war axe (weapon)
 m - a +0 mace of venom
 q - a +3 quarterstaff of chaos
 t - a +0 quarterstaff of draining
 w - a +0 war axe
 y - a +3 blowgun
 G - a +0 great mace
 H - a cursed -1 whip
 K - a +2 spear of flaming
 M - a +0 shortbow of flaming
 W - a +0 hand crossbow
Missiles
 z - 24 poisoned needles
 J - a throwing net (quivered)
 N - 78 arrows
 X - 9 bolts of frost
Armour
 b - a +0 scale mail
 c - a +0 shield (worn)
 r - a +0 cloak of invisibility
 D - a cursed +0 ring mail
 L - a +0 chain mail (worn)
 O - a +0 chain mail
Jewellery
 o - an uncursed amulet of rage
 s - an amulet of regeneration (around neck)
 Q - a ring of protection from magic (left hand)
 U - a +3 ring of intelligence (right hand)
Wands
 n - a wand of heal wounds (0)
 S - a wand of lightning (5)
Scrolls
 i - 3 scrolls of remove curse
 j - a scroll of identify
 l - a scroll of amnesia {unknown}
 p - a scroll of enchant weapon {unknown}
 u - 3 scrolls of noise {unknown}
 v - 2 scrolls of enchant armour {unknown}
 x - a scroll of teleportation {unknown}
 A - a scroll of fear {unknown}
 B - 5 scrolls of blinking {unknown}
 C - a scroll of random uselessness {unknown}
 F - a scroll of fog {unknown}
 I - a scroll of recharging {unknown}
Potions
 d - 2 potions of might
 g - a potion of haste {unknown}
 E - 2 potions of degeneration {unknown}
 P - a potion of lignification {unknown}
 V - a potion of brilliance {unknown}
Comestibles
 e - 2 bread rations
 h - a meat ration
 k - 2 fruits
 R - a royal jelly
 T - a beef jerky


   Skills:
 * Level 7.2 Fighting
 * Level 9.3 Axes
 + Level 6.3 Armour
 - Level 0.7 Dodging
 + Level 6.3 Shields


You had 8 spell levels left.
You didn't know any spells.

Dungeon Overview and Level Annotations

Branches:
Dungeon (9/15)
 Temple: D:4-7         Lair: D:8-11         Orc: D:9-12

Altars:
Yredelemnul

Shops:
D:4 =

Annotations:
D:2 Sigmund


Message History

A jelly comes into view.
The jelly quivers.
The jelly hits you but does no damage. The jelly closely misses you.
The jelly hits you but does no damage.
There is a stone staircase leading down here.
The komodo dragon bites you but does no damage.
You block the jelly's attack.
You climb downwards.
Found a hardcover book.
There is a stone staircase leading up here.
The komodo dragon bites you!
* * * LOW HITPOINT WARNING * * *
The jelly hits you but does no damage.
You climb upwards.
There is a stone staircase leading down here.
Sorry, you're not good enough to have a special ability.
You feel very mighty all of a sudden. The komodo dragon bites you!
You die...

#......## #..PP.#.......
#.......# #...♣♣#.......
#.......# #..PP♣#.......
#######.## ##...♣#.......
#..# #....#.....).
##########..# #....#.......
#...........# #..♣♣#.......
#.......##J.# #.PP♣########
#.......##.@#####.♣.♣♣♣♣♣♣♣.
#...........l.......♣♣P♣PPP.
#####...###.......##.PPPP♣P.
#...# #.##.#.####.......
#...# #.##.#.# ########
#...# #.##.#.# ####<..#
#.##...# #####.##.###
#.##<### ###........# #....#


You could see a komodo dragon and a jelly.

Vanquished Creatures
  The ghost of Zedarrr the Slasher, an amateur TeBe of Trog (D:4)
  5 centaurs
  4 ogres
  2 big kobolds (D:8)
  A gnoll sergeant (D:8)
  A scorpion (D:3)
  A crimson imp (D:8)
  A gnoll shaman (D:8)
  Crazy Yiuf (D:2)
  A giant frog skeleton (D:4)
  3 hounds
  2 worker ants (D:4)
  Jessica (D:2)
  An iguana (D:8)
  A hound skeleton (D:4)
  A worker ant zombie (D:8)
  12 gnolls
  4 adders
  An adder skeleton (D:4)
  An adder zombie (D:8)
  2 worms
  3 giant geckos
  13 orcs
  2 ball pythons
  11 bats
  5 goblins
  13 hobgoblins
  2 jackals (D:4)
  2 giant cockroaches
  6 giant newts
  24 kobolds
  3 rats
  4 plants
135 creatures vanquished.

Vanquished Creatures (others)
  A goblin (D:1)
  A plant (D:8)
2 creatures vanquished.

Grand Total: 137 creatures vanquished

Notes
Turn   | Place    | Note
--------------------------------------------------------------
     0 | D:1      | MegaBob the Hill Orc Fighter began the quest for the Orb.
     0 | D:1      | Reached XP level 1. HP: 19/19 MP: 1/1
   104 | D:1      | Reached XP level 2. HP: 12/27 MP: 2/2
   503 | D:1      | Reached XP level 3. HP: 25/33 MP: 3/3
   817 | D:2      | Noticed Jessica
   828 | D:2      | Killed Jessica
   828 | D:2      | Reached skill level 4 in Fighting
   893 | D:2      | Reached XP level 4. HP: 38/40 MP: 4/4
  1086 | D:2      | Noticed Crazy Yiuf
  1102 | D:2      | Killed Crazy Yiuf
  1561 | D:2      | Reached XP level 5. HP: 47/47 MP: 5/5
  1564 | D:2      | Noticed Sigmund
  1630 | D:3      | Found a basalt altar of Yredelemnul.
  2441 | D:4      | Reached XP level 6. HP: 53/53 MP: 6/6
  2471 | D:4      | Found Ylopetot's Jewellery Emporium.
  2479 | D:4      | Reached skill level 5 in Axes
  2563 | D:4      | Noticed Zedarrr's ghost (amateur TeBe)
  2589 | D:5      | Entered Level 5 of the Dungeon
  2746 | D:4      | Killed Zedarrr's ghost
  2746 | D:4      | Reached skill level 5 in Shields
  2846 | D:4      | Reached skill level 6 in Axes
  2916 | D:4      | Reached skill level 5 in Fighting
  2916 | D:4      | Reached XP level 7. HP: 49/61 MP: 7/7
  3077 | D:4      | Noticed an ogre
  3083 | D:4      | Killed an ogre
  3156 | D:4      | Reached skill level 5 in Armour
  3775 | D:5      | Reached skill level 7 in Axes
  3844 | D:5      | You fall through a shaft for 3 floors!
  4055 | D:8      | Reached XP level 8. HP: 59/70 MP: 8/8
  4136 | D:7      | Reached skill level 8 in Axes
  4625 | D:8      | Reached skill level 9 in Axes
  4903 | D:8      | Reached XP level 9. HP: 72/79 MP: 9/9
  4998 | D:8      | Noticed a komodo dragon
  5034 | D:8      | Mangled by a komodo dragon

Action                   |  1- 3 |  4- 6 |  7- 9 || total
-------------------------+-------+-------+-------++-------
Melee: War axe           |    84 |   230 |   324 ||   638
Evoke: Wand              |       |     2 |       ||     2
  Use: Scroll            |       |     1 |     4 ||     5
       Potion            |       |     1 |     2 ||     3
  Eat: Chunk             |       |     3 |     1 ||     4
       Meat ration       |       |     1 |     2 ||     3
